Map: Vaani Research Station (Void)

Players

Fropez - Winner!

  • Race: Protoss Protoss
  • League: Gold
  • Spawn Location: 12:00

twally

  • Race: Protoss Protoss
  • Spawn Location: 6:00

VOD

Have the link to the VOD?

Description

Time

  • Played on: Jan. 8, 2017, 8:51 p.m.
  • Length: 22:21
Show
View Real Time Build Order
Export as new Build Order

Fropez Protoss - Winner!

Build Orders:  

Get SALT Encoding   

  12  0:00  Probe (Chrono Boost)  
  13  0:11  Probe (Chrono Boost)  
  14  0:18  Pylon  
  14  0:22  Probe (Chrono Boost)  
  15  0:36  Probe (Chrono Boost)  
  15  0:39  Assimilator  
  16  0:47  Probe (Chrono Boost)  
  17  0:57  Pylon, Probe (Chrono Boost)  
  18  1:05  Gateway  
  18  1:08  Probe (Chrono Boost)  
  20  1:18  Probe (Chrono Boost)  
  20  1:22  Gateway  
  20  1:33  Pylon, Probe (Chrono Boost)  
  21  1:41  Gateway  
  21  1:49  Assimilator  
  21  1:58  Cybernetics Core  
  21  2:04  Probe (Chrono Boost)  
  22  2:12  Pylon  
  22  2:28  Warp Gate  
  22  2:36  Stalker  
  22  2:37  Stalker  
  26  2:40  Adept  
  29  2:56  Mothership Core (Chrono Boost)  
  30  3:06  Stalker  
  30  3:07  Stalker  
  34  3:23  Pylon  
  34  3:32  Probe (Chrono Boost)  
  35  3:45  Probe (Chrono Boost)  
  32  3:55  Stalker x2  
  32  3:57  Probe (Chrono Boost)  
  34  4:09  Probe (Chrono Boost)  
  33  4:36  Probe (Chrono Boost)  
  34  4:42  Nexus  
  34  4:43  Stalker x2  
  34  4:59  Stalker  
  33  5:08  Pylon, Probe (Chrono Boost)  
  33  5:19  Twilight Council  
  33  5:29  Stalker x2  
  37  5:39  Stalker  
  39  5:47  Gateway  
  39  5:52  Stalker  
  41  6:00  Stalker  
  43  6:07  Blink  
  41  6:20  Stalker  
  41  6:21  Stalker  
  45  6:36  Probe (Chrono Boost)  
  45  6:37  Probe (Chrono Boost)  
  47  6:41  Forge  
  47  6:44  Pylon  
  47  6:46  Probe (Chrono Boost)  
  48  6:49  Probe (Chrono Boost)  
  48  6:50  Stalker  
  51  6:57  Probe (Chrono Boost)  
  53  7:01  Probe (Chrono Boost)  
  53  7:02  Protoss Ground Weapons Level 1  
  53  7:14  Assimilator, Robotics Facility  
  53  7:15  Probe (Chrono Boost), Assimilator  
  54  7:25  Sentry x2  
  54  7:27  Stalker  
  61  7:35  Probe (Chrono Boost)  
  61  7:36  Mothership Core (Chrono Boost)  
  63  7:49  Stalker  
  63  7:50  Stalker  
  63  7:51  Stalker  
  69  7:57  Probe (Chrono Boost)  
  70  8:10  Pylon  
  70  8:11  Pylon  
  70  8:30  Probe x2 (Chrono Boost)  
  70  8:32  Stalker x2  
  70  8:42  Probe x2 (Chrono Boost)  
  40  8:58  Stalker x3  
  40  9:00  Observer  
  42  9:07  Probe x2 (Chrono Boost)  
  38  9:36  Stalker x2  
  38  9:37  Stalker  
  44  9:41  Probe x2 (Chrono Boost)  
  47  9:53  Probe (Chrono Boost)  
  47  9:59  Protoss Ground Weapons Level 2  
  43  10:15  Stalker  
  43  10:16  Stalker x2  
  49  10:40  Probe (Chrono Boost), Photon Cannon, Gateway  
  49  10:41  Probe (Chrono Boost)  
  49  10:59  Stalker  
  36  11:32  Probe x2 (Chrono Boost)  
  36  11:57  Gateway, Stalker  
  38  12:03  Nexus, Stalker  
  40  12:31  Stalker x2  
  40  12:36  Pylon  
  44  12:55  Stalker x2  
  48  13:02  Protoss Shields Level 1  
  48  13:05  Pylon  
  48  13:34  Dark Shrine  
  48  13:36  Probe (Chrono Boost)  
  48  13:37  Probe (Chrono Boost)  
  50  13:41  Stalker  
  52  13:50  Probe (Chrono Boost)  
  52  13:54  Observer  
  54  13:59  Stalker  
  56  14:05  Assimilator  
  56  14:11  Photon Cannon  
  56  14:22  Pylon  
  56  14:24  Pylon  
  56  14:26  Pylon  
  44  14:55  Pylon  
  44  15:00  Dark Templar x2  
  44  15:04  Observer  
  49  15:20  Probe (Chrono Boost)  
  52  15:21  Probe x2 (Chrono Boost)  
  52  15:39  Dark Templar  
  53  16:30  Dark Templar x2  
  57  16:56  Probe x2 (Chrono Boost)  
  59  17:06  Nexus  
  61  17:08  Probe x2 (Chrono Boost)  
  61  17:11  Assimilator  
  59  17:20  Probe x2 (Chrono Boost)  
  59  17:22  Pylon  
  45  17:55  Dark Templar x3  
  51  18:10  Warp Prism  
  53  18:18  Probe x2 (Chrono Boost)  
  55  18:25  Gateway  
  55  18:28  Dark Templar x3  
  55  18:30  Probe (Chrono Boost)  
  46  19:25  Warp Prism  
  46  19:27  Stalker  
  46  19:28  Stalker x2  
  29  20:15  Nexus  
  27  21:03  Pylon  
Show
View Real Time Build Order
Export as new Build Order

twally Protoss 

Build Orders:  

Get SALT Encoding   

  12  0:03  Probe (Chrono Boost)  
  13  0:14  Pylon  
  13  0:19  Probe (Chrono Boost)  
  14  0:29  Probe (Chrono Boost)  
  15  0:40  Probe (Chrono Boost)  
  16  0:50  Probe (Chrono Boost)  
  17  1:04  Probe (Chrono Boost)  
  18  1:08  Nexus  
  18  1:14  Probe (Chrono Boost)  
  19  1:29  Probe (Chrono Boost)  
  19  1:32  Assimilator  
  20  1:36  Assimilator  
  20  1:40  Gateway  
  20  1:41  Probe (Chrono Boost)  
  21  1:52  Probe (Chrono Boost)  
  22  1:54  Pylon  
  22  2:02  Probe (Chrono Boost)  
  23  2:13  Probe (Chrono Boost)  
  24  2:24  Probe (Chrono Boost)  
  25  2:30  Zealot  
  25  2:31  Forge  
  25  2:34  Probe (Chrono Boost)  
  28  2:40  Probe (Chrono Boost)  
  29  2:45  Probe (Chrono Boost)  
  29  2:50  Probe (Chrono Boost)  
  31  2:51  Pylon  
  31  2:55  Probe (Chrono Boost)  
  32  2:59  Gateway  
  32  3:01  Probe (Chrono Boost)  
  33  3:06  Probe (Chrono Boost)  
  34  3:15  Photon Cannon  
  34  3:24  Cybernetics Core  
  31  3:36  Protoss Ground Weapons Level 1  
  25  3:50  Probe (Chrono Boost)  
  25  3:51  Zealot x2  
  25  3:55  Probe (Chrono Boost)  
  29  4:00  Probe (Chrono Boost)  
  28  4:04  Photon Cannon  
  28  4:06  Probe (Chrono Boost)  
  27  4:11  Probe (Chrono Boost)  
  23  4:18  Mothership Core (Chrono Boost)  
  20  4:45  Probe x2 (Chrono Boost)  
  24  4:57  Pylon, Zealot  
  24  5:03  Sentry  
  24  5:07  Pylon  
  24  5:19  Probe x2 (Chrono Boost)  
  24  5:21  Sentry  
  26  5:26  Warp Gate  
  26  5:27  Sentry  
  32  5:36  Probe (Chrono Boost)  
  32  5:37  Probe (Chrono Boost)  
  32  5:48  Probe (Chrono Boost)  
  33  5:54  Probe (Chrono Boost)  
  34  6:01  Probe (Chrono Boost)  
  35  6:06  Probe (Chrono Boost)  
  37  6:13  Probe (Chrono Boost)  
  37  6:16  Protoss Shields Level 1, Zealot x2  
  37  6:25  Probe (Chrono Boost)  
  42  6:28  Probe (Chrono Boost)  
  43  6:37  Probe (Chrono Boost), Assimilator  
  45  6:40  Probe (Chrono Boost)  
  45  6:42  Assimilator  
  45  6:45  Stargate  
  45  6:49  Probe (Chrono Boost)  
  45  6:52  Probe (Chrono Boost)  
  48  7:01  Probe (Chrono Boost)  
  48  7:14  Probe (Chrono Boost)  
  48  7:15  Probe (Chrono Boost), Stalker x2  
  54  7:27  Probe (Chrono Boost)  
  54  7:29  Oracle  
  55  7:30  Gateway  
  55  7:31  Gateway  
  55  7:33  Probe (Chrono Boost)  
  59  7:39  Probe (Chrono Boost)  
  61  7:45  Probe (Chrono Boost)  
  61  7:51  Probe (Chrono Boost)  
  62  8:06  Pylon  
  62  8:09  Pylon  
  62  8:13  Pylon  
  62  8:26  Probe x2 (Chrono Boost)  
  64  8:38  Probe (Chrono Boost)  
  64  8:40  Zealot x2  
  46  9:05  Stalker x2  
  45  9:13  Mothership Core (Chrono Boost)  
  34  9:38  Stalker x2  
  34  9:39  Stalker  
  34  9:40  Stalker  
  34  9:43  Probe (Chrono Boost)  
  34  9:44  Probe (Chrono Boost)  
  43  9:56  Probe x2 (Chrono Boost)  
  45  10:14  Probe x2 (Chrono Boost)  
  45  10:26  Void Ray, Probe (Chrono Boost)  
  45  10:28  Zealot x2  
  50  10:30  Zealot x2  
  58  11:06  Zealot x4  
  58  11:16  Gateway  
  58  11:18  Gateway x2  
  54  11:45  Zealot x2  
  54  11:46  Zealot x2  
  63  11:48  Probe (Chrono Boost)  
  63  11:49  Probe (Chrono Boost)  
  64  11:57  Nexus  
  64  12:01  Probe x2 (Chrono Boost)  
  66  12:06  Oracle  
  66  12:07  Protoss Ground Armor Level 1  
  69  12:19  Zealot  
  69  12:20  Zealot  
  73  12:22  Zealot  
  73  12:23  Zealot  
  73  12:26  Adept  
  73  12:27  Adept x2  
  83  12:54  Nexus  
  83  12:57  Pylon  
  85  12:59  Pylon  
  83  13:45  Robotics Facility  
  83  13:47  Robotics Facility  
  83  13:50  Pylon  
  83  13:54  Pylon  
  83  13:58  Gateway  
  83  13:59  Gateway  
  83  14:03  Gateway  
  80  14:17  Zealot x2  
  80  14:18  Zealot x5  
  80  14:23  Twilight Council  
  85  14:47  Zealot  
  85  14:48  Charge, Zealot x2  
  87  15:05  Immortal x2  
  95  15:08  Stalker x3  
  95  15:09  Stalker x2  
  95  15:10  Stalker x2  
  95  15:12  Stalker x2  
  113  15:14  Stalker  
  113  15:19  Probe (Chrono Boost)  
  116  15:23  Oracle  
  119  15:30  Probe (Chrono Boost)  
  119  15:35  Photon Cannon  
  120  15:37  Photon Cannon  
  120  15:40  Probe (Chrono Boost)  
  98  16:28  Observer  
  98  16:29  Pylon  
  98  16:30  Observer  
  95  16:43  Probe (Chrono Boost)  
  97  16:55  Probe (Chrono Boost)  
  97  17:22  Immortal  
  97  17:23  Protoss Ground Weapons Level 2  
  99  17:30  Immortal  
  86  17:55  Zealot  
  86  17:56  Zealot x3  
  91  20:10  Pylon  
Tags
 
League
Gold
Matchup
PvP
Replay Pack
All Mines
Spawn Locations
Cross Positions
Add a new tag
Caveats
  • Supply blocks, unpowered buildings, or Contaminate may cause inaccurate times.
  • Supply counts are checked every 10 seconds.